 Dungeon Crawl Stone Soup version 0.31-a0-246-g8cbcc1cb85 (webtiles) character file.

Game seed: 2583897509155812148

35 qw the Shooter (level 3, -3/21 HPs)
             Began as a Gargoyle Hexslinger on July 12, 2023.
             Killed from afar by Natasha (7 damage)
             ... with a magic dart
             ... on level 2 of the Dungeon.
             The game lasted 00:00:25 (870 turns).

qw the Shooter (Gargoyle Hexslinger)                 Turns: 870, Time: 00:00:26

Health: -3/21      AC:  6    Str: 11    XL:     3   Next: 33%
Magic:  4/4        EV: 11    Int: 13    God:
Gold:   89         SH:  0    Dex: 14    Spells: 3/4 levels left

rFire   . . .        Y - +1 sling
rCold   . . .        (no shield)
rNeg    + . .        f - +0 leather armour
rPois   inf          (no helmet)
rElec   +            (no cloak)
rCorr   .            (no gloves)
SInv    .            (no boots)
Will    .....        (no amulet)
Stlth   +            (no ring)
HPRegen 0.23/turn    (no ring)
MPRegen 0.09/turn

%: no passive effects
@: about to teleport
A: sickness immunity, AC +3, negative energy resistance 1, electricity
resistance, torment resistance 1, petrification resistance
a: no special abilities


You were on level 2 of the Dungeon.
You visited 1 branch of the dungeon, and saw 2 of its levels.

You collected 89 gold pieces.


Innate Abilities, Weirdness & Mutations

You are immune to sickness and miasma.
Your stone body is resilient. (AC +3)
You are immune to poison.
You resist negative energy. (rN+)
You are resistant to electric shocks. (rElec)
You are resistant to unholy torment.
You are immune to petrification.


   Skills:
 - Level 2.0 Fighting
 + Level 3.3 Ranged Weapons
 - Level 1.5 Dodging
 - Level 1.0 Spellcasting
 - Level 2.6 Hexes


You had 3 spell levels left.
You knew the following spells:

 Your Spells              Type           Power      Damage    Failure   Level
a - Slow                  Hex            28%        N/A       12%         1

Your spell library contained the following spells:

 Spells                   Type           Power      Damage    Failure   Level
 Inner Flame              Hex/Fire       4%         N/A       54%         3
 Portal Projectile        Hex/Tloc       8%         N/A       54%         3
 Cause Fear               Hex            3%         N/A       77%         4

Inventory:

Hand Weapons
 Y - a +1 sling (weapon)
Armour
 a - a +0 ring mail
 f - a +0 leather armour (worn)
Scrolls
 b - a scroll of blinking {unknown}
 c - a scroll of identify
Potions
 e - 4 potions of curing
 i - a potion of might {unknown}
 j - a potion of degeneration {unknown}

Dungeon Overview and Level Annotations

Branches:
Dungeon (2/15)

Altars:

Annotations:
D:2 Natasha


Message History

Enter note:
Enter note: You see here a rat corpse.
Natasha, Servant of Life and Death comes into view.
Natasha hisses angrily.
Enter note:
Enter note:
Enter note:
Enter note:
Enter note:
Enter note: You shoot a sling bullet.
The sling bullet barely misses Natasha.
You shoot a sling bullet.
The sling bullet hits Natasha but does no damage.
You shoot a sling bullet.
The sling bullet hits Natasha but does no damage.
Natasha mumbles some strange words.
You shoot a sling bullet.
The sling bullet hits the cerulean imp but does no damage.
Natasha wildly gestures.
Natasha glows brightly for a moment.
The cerulean imp hits you but does no damage.
You shoot a sling bullet. The sling bullet hits Natasha.
Natasha is heavily wounded.
Natasha growls.
Natasha claws you.
The cerulean imp hits you with a +1 spear.
You shoot a sling bullet. The sling bullet hits Natasha.
Natasha is severely wounded.
Natasha closely misses you.
The cerulean imp hits you with a +1 spear.
Natasha casts a spell at you. The magic dart hits you.
870 ||| READING scroll of teleportation.
As you read the scroll of teleportation, it crumbles to dust.
You feel strangely unstable. The cerulean imp misses you.
Natasha casts a spell at you. The magic dart hits you!
You die...

########## #.....####
.........# #.........
.........######.....####
.........%..........####
...................)....
.........######.....#...
.........# #.....#...
...>.....# #####.##....
####..5@#####.........#.
#...h# ..............
#..... ..............
#....##..............
#$...# ..............
#....# ######.#.##.#
#....# #...#.##.. #....#
####.###.....
#....###..#..


You could see Natasha and a cerulean imp (summoned).

Vanquished Creatures
  A dart slug (D:1)
  3 ball pythons (D:2)
  2 endoplasms
  2 giant cockroaches
  2 hobgoblins (D:1)
  5 kobolds
  4 quokkas (D:1)
  3 bats (D:1)
  2 frilled lizards
  5 rats
29 creatures vanquished.

Notes
Turn   | Place    | Note
-------+----------+-------------------------------------------
     0 | D:1      | qw the Gargoyle Hexslinger began the quest for the Orb.
     0 | D:1      | Reached XP level 1. HP: 12/12 MP: 2/2
     0 | D:1      | 0 ||| qw: Version: 0.3-a-52-g30416fa
     0 | D:1      | 0 ||| qw: Game counter: 6346
     0 | D:1      | 0 ||| qw: Melee chars always use a shield: true
     0 | D:1      | 0 ||| qw: God list: Okawaru
     0 | D:1      | 0 ||| qw: Allow faded altars: false
     0 | D:1      | 0 ||| qw: Do Orc after clearing Dungeon:15 true
     0 | D:1      | 0 ||| qw: Do second Lair branch before Depths: true
     0 | D:1      | 0 ||| qw: Lair rune preference: random
     0 | D:1      | 0 ||| qw: Goals: Normal
     0 | D:1      | 0 ||| PLANNING D:1-11
    39 | D:1      | 39 ||| FLEEEEING.
    40 | D:1      | 40 ||| FLEEEEING.
    41 | D:1      | 41 ||| FLEEEEING.
    52 | D:1      | 52 ||| FLEEEEING.
    54 | D:1      | 54 ||| FLEEEEING.
    55 | D:1      | 55 ||| FLEEEEING.
   208 | D:1      | Reached XP level 2. HP: 16/16 MP: 3/3
   315 | D:1      | Reached skill level 3 in Ranged Weapons
   557 | D:1      | 557 ||| UPGRADING to +0 leather armour.
   567 | D:1      | 567 ||| DROPPING +0 robe.
   568 | D:1      | 568 ||| READING scroll labelled BYARCH JIUMOYJ.
   569 | D:1      | 569 ||| READING scroll labelled BEGRUO ATEFUI.
   570 | D:1      | 570 ||| READING 2 scrolls labelled REDOPE GUBUEFO.
   575 | D:1      | 575 ||| DRINKING 4 ruby potions.
   576 | D:1      | 576 ||| DROPPING scroll of poison.
   605 | D:2      | 605 ||| STAIRDANCE
   611 | D:1      | Reached XP level 3. HP: 16/21 MP: 4/4
   863 | D:2      | Noticed Natasha
   869 | D:2      | HP: 4/21 [Natasha/magic dart (2)]
   870 | D:2      | 870 ||| READING scroll of teleportation.
   870 | D:2      | Killed from afar by Natasha

Levels and vault maps discovered:
D:1:      dpeg_arrival_central, layout_basic, nrook_mini_vaults,
          minmay_misc_feat_diagonals, grunt_decor_clamped
D:2:      layout_rooms, uniq_natasha

Skill      XL: |  1  2 |
---------------+-------+-----
Ranged Weapons | 3 |  3.3
Fighting       | 2 |  2.0
Dodging        | |  1.5
Spellcasting   | |  1.0
Hexes          | |  2.6

Action                     || total
---------------------------++-------
   Fire: Sling             ||    84
    Use: Scroll            ||     4
         Potion            ||     1
 Armour: Robe              ||     1
         Leather armour    ||     5
  Dodge: Dodged            ||    24

Table legend:
 A = Non-vault XP
 B = Vault XP
 C = Vault XP percentage of total XP
 D = Non-vault monster count
 E = Vault monster count
 F = Vault count percentage of total count
                 A         B        C        D         E       F
            +---------+---------+-------+---------+---------+-------
      Total |      50 |       0 |   0.0 |      29 |       0 |   0.0
            +---------+---------+-------+---------+---------+-------
        D:1 |      31 |       0 |   0.0 |      16 |       0 |   0.0
        D:2 |      19 |       0 |   0.0 |      13 |       0 |   0.0
            +---------+---------+-------+---------+---------+-------
